 Dungeon Crawl Stone Soup version 0.29-a0-885-gb26ba3297d (webtiles) character file.

Game seed: 11222398443509621347

7 Nato the Chiller (level 2, 17/17 HPs)
             Began as an Octopode Ice Elementalist on July 21, 2022.
             Was a Follower of the Shining One.
             Quit the game on level 1 of the Dungeon.
             The game lasted 00:01:12 (416 turns).

Nato the Chiller (Octopode Ice Elementalist)         Turns: 416, Time: 00:01:12

Health: 17/17      AC:  1    Str:  7    XL:     2   Next: 4%
Magic:  4/5        EV: 13    Int: 17    God:    the Shining One [*.....]
Gold:   14         SH:  0    Dex: 12    Spells: 5/6 levels left

rFire   . . .      SeeInvis .   (no weapon)
rCold   . . .      Faith    .   (no shield)
rNeg    . . .      Spirit   .   (helmet restricted)
rPois   .          Reflect  .   (no amulet)
rElec   .          Harm     .   (no ring)
rCorr   .          Rampage  .   (no ring)
Will    .....                   (no ring)
Stlth   +.........              (no ring)
HPRegen 0.05/turn               (no ring)
MPRegen 0.09/turn               (no ring)
                                (no ring)
                                (no ring)

@: about to teleport, glowing
A: almost no armour, amphibious, 8 rings, camouflage 1, gelatinous body 1,
(nimble swimmer 1), tentacles
a: Renounce Religion, Divine Shield


You were on level 1 of the Dungeon.
You worshipped the Shining One.
The Shining One was aware of your devotion.
You visited 1 branch of the dungeon, and saw 1 of its levels.

You collected 14 gold pieces.

Inventory:

Scrolls
 b - 2 scrolls of teleportation
 c - a scroll of identify {unknown}
 d - a scroll of fear {unknown}
 e - a scroll of poison {unknown}
 f - a scroll of vulnerability {unknown}
Potions
 a - a potion of magic
 g - a potion of curing {unknown}


   Skills:
 - Level 2.0 Dodging
 - Level 2.6 Stealth
 + Level 2.6 Spellcasting
 - Level 4.0 Ice Magic


You had 5 spell levels left.
You knew the following spells:

 Your Spells              Type           Power      Damage    Failure   Level
a - Freeze                Ice            60%        1d8       3%          1

Your spell library contained the following spells:

 Spells                   Type           Power      Damage    Failure   Level
 Frozen Ramparts          Ice            30%        1d5       11%         3
 Ozocubu's Armour         Ice            15%        N/A       11%         3
 Hailstorm                Conj/Ice       9%         3d4       63%         4


Dungeon Overview and Level Annotations

Branches:
Dungeon (1/15)

Altars:
The Shining One


Innate Abilities, Weirdness & Mutations

You cannot wear most types of armour.
You are amphibious.
You can wear up to eight rings at the same time.
Your skin changes colour to match your surroundings (Stealth+).
Your rubbery body absorbs attacks. (AC +1, EV +1)
((You are camouflaged when in or above water. (Stealth+)))
You have tentacles for arms and can constrict up to eight enemies at once.


Message History

Confirm with . or Enter, or press ? or * to list all spells.
Aiming: Freeze (safe; 3% risk of failure)
Press: ? - help, Shift-Dir - straight line, f - rat
Aim: a rat (asleep)
You freeze the rat.
You kill the rat!
You have reached level 2!
e - a scroll labelled LANUAR OXISE
f - a scroll labelled OCRAYM OGHO
g - a smoky amethyst potion You see here a +0 club.
Found a faded altar of an unknown god.
You now have 14 gold pieces (gained 2).
A frilled lizard comes into view.
A frilled lizard is nearby!
A frilled lizard is nearby!
A frilled lizard is nearby!
You completely miss the frilled lizard. Your grab misses the frilled lizard.
The frilled lizard misses you.
Casting: Freeze (safe; 3% risk of failure)
Confirm with . or Enter, or press ? or * to list all spells.
Aiming: Freeze (safe; 3% risk of failure)
Press: ? - help, Shift-Dir - straight line, f - frilled lizard
Aim: a frilled lizard You freeze the frilled lizard.
You kill the frilled lizard!
Unknown command.
There is a faded altar of an unknown god here.
As you read the scroll labelled DUSEUBROONU, it crumbles to dust.
You feel strangely unstable.
It was a scroll of teleportation.
You cannot tell which god this altar belongs to.
Convert to them anyway?
Okay, then.
Unknown command.
Press < or > to pray at altars.
You cannot tell which god this altar belongs to.
Convert to them anyway?
The Shining One accepts your prayer! The Shining One welcomes you!
You and your allies can now gain power from killing the unholy and evil.
You can now call upon the Shining One for a divine shield.
Are you sure you want to abandon this character and quit the game? (Confirm with "yes".)

......##..#
#.....#+#+##..#
##.............#
##.≈≈.≈≈........###
##§§.≈.≈.≈.........#
##§§§.≈.≈..≈§.......#
##.§§≈≈≈.≈≈≈≈§.§.....####
#.≈..≈.≈≈≈.≈..§§.........
#.≈..†≈≈@≈≈..§§§.........
#.≈...≈≈.≈≈..§§§..^......
#§≈§..≈.≈.≈.)§§§[........
#§§..≈.≈.≈.≈..≈§.........
##§§≈.≈...≈.≈§...........
##..≈.....≈............#
##.≈.....≈............#
##.≈≈≈≈≈.............#
##.....#......).....#


There were no monsters in sight!

Vanquished Creatures
  A ball python (D:1)
  A giant cockroach (D:1)
  A goblin (D:1)
  A kobold (D:1)
  A frilled lizard (D:1)
  2 rats (D:1)
7 creatures vanquished.

Notes
Turn   | Place    | Note
-------+----------+-------------------------------------------
     0 | D:1      | Nato the Octopode Ice Elementalist began the quest for the
                  | Orb.
     0 | D:1      | Reached XP level 1. HP: 11/11 MP: 3/3
   275 | D:1      | Reached XP level 2. HP: 17/17 MP: 3/5
   391 | D:1      | Found a faded altar of an unknown god.
   415 | D:1      | Prayed at the altar of an unknown god.
   415 | D:1      | Became a worshipper of the Shining One
   415 | D:1      | Reached * piety under the Shining One
   416 | D:1      | Quit the game

Illustrated notes

Levels and vault maps discovered:
D:1:      roderic_dead_forest, layout_basic,
          shapermc_ecumenical_altar_starsandcircs, minmay_liquid_box,
          minivault_5

Action                   || total
-------------------------++-------
Melee: Unarmed           ||     5
       Constrict         ||     2
 Cast: Freeze            ||     7
  Use: Scroll            ||     1
 Stab: Sleeping          ||     1
Dodge: Dodged            ||     7

Table legend: (Time is in decaauts)
 A = Elapsed time spent in this place.
 B = Non-inter-level travel time spent in this place.
 C = Inter-level travel time spent in this place.
 D = Time resting spent in this place.
 E = Time spent auto-exploring this place.
 F = Levels seen in this place.
 G = Mean time per level.
                   A        B        C        D        E       F      G
               +--------+--------+--------+--------+--------+-----+--------+
         Total |    416 |    413 |      3 |      0 |    356 |   1 |  416.0 |
       Dungeon |    416 |    413 |      3 |      0 |    356 |   1 |  416.0 |
               +--------+--------+--------+--------+--------+-----+--------+

Top non-repeatable levels by time:
     D:1: 416 daAuts
